 Dungeon Crawl Stone Soup version 0.13-a0-2355-g3ca5c6e (webtiles) character file.

728 Drahman the Spear-Bearer (level 7, -1/55 HPs)
             Began as a Merfolk Gladiator on July 12, 2013.
             Slain by Pikel
             ... wielding a +2,+2 whip of flaming
              (2 damage)
             ... on Level 3 of the Dungeon.
             The game lasted 00:15:30 (4130 turns).

Drahman the Spear-Bearer (Merfolk Gladiator)        Turns: 4130, Time: 00:15:30

HP  -1/55        AC  5     Str 16      XL: 7   Next: 33%
MP   6/6         EV 13     Int  8      God:
Gold 159         SH  0     Dex 15      Spells:  0 memorised,  6 levels left

Res.Fire  : . . .   See Invis. : .   a - +0 trident
Res.Cold  : . . .   Warding    : +   b - +0 leather armour
Life Prot.: + . .   Conserve   : .   (no shield)
Res.Poison: .       Res.Corr.  : .   c - +0 helmet
Res.Elec. : .       Clarity    : .   A - +0 cloak
Sust.Abil.: . .     Spirit.Shd : .   (no gloves)
Res.Mut.  : .       Stasis     : .   (no boots)
Res.Rott. : .       Flight     : .   p - amulet of warding {unknown}
Saprovore : . . .                    (no ring)
                                     (no ring)

@: very slightly contaminated, slightly resistant to hostile enchantments,
unstealthy
A: change form in water, swift swim, wild magic 1
a: no special abilities


You were on level 3 of the Dungeon.
You were not hungry.

You visited 1 branch of the dungeon, and saw 4 of its levels.

You collected 139 gold pieces.

Inventory:

Hand weapons
 a - a +0,+0 trident (weapon)
 k - a +2,+3 quarterstaff of chaos
 B - a +0,+0 elven spear (quivered)
Missiles
 d - 3 throwing nets
Armour
 b - a +0 leather armour (worn)
 c - a +0 helmet (worn)
 A - a +0 cloak (worn)
Magical devices
 r - a wand of slowing (0)
Comestibles
 f - 2 bread rations
 n - a lychee
 q - 3 rotting chunks of human flesh
 z - an apple
Scrolls
 e - a scroll of curse armour {unknown}
 g - a scroll of fear {unknown}
 i - 2 scrolls of curse jewellery
 j - a scroll of enchant weapon I {unknown}
 m - 2 scrolls of remove curse
 t - 2 scrolls of enchant weapon II {unknown}
 u - a scroll of teleportation {unknown}
 v - a scroll of magic mapping {unknown}
 x - 2 scrolls of identify {unknown}
 y - a scroll of amnesia {unknown}
 C - a scroll of curse weapon {unknown}
Jewellery
 p - an amulet of warding (around neck) {unknown}
Potions
 h - a potion of curing


   Skills:
 + Level 6.1 Fighting
 + Level 8.9 Polearms
 - Level 2.0 Throwing
 - Level 4.2 Dodging


You had 6 spell levels left.
You didn't know any spells.

Dungeon Overview and Level Annotations

Branches:
Dungeon (4/27)
 Temple: D:4-7

Altars:
Kikubaaqudgha

Annotations
D:3 Pikel


Innate Abilities, Weirdness & Mutations

You revert to your normal form in water.
You are very nimble and swift while swimming.
Your spells are a little harder to cast, but a little more powerful.


Message History

You flicker back into view.
Pikel says, "You'll fetch a fair price!"
Pikel says, "Slavery isn't that bad."
There is an escape hatch in the ceiling here.
Pikel barely misses you. A mysterious force pulls you upwards.
The hatch slams shut behind you.
Read which item? (? for menu, Esc to quit)
As you read the scroll labeled CUXKUY RYETO, it crumbles to dust.
Your thin bronze amulet {tried} glows black for a moment.
It was a scroll of curse jewellery.
Pikel hits you with a whip of flaming.
* * * LOW HITPOINT WARNING * * *
Pikel burns you.
* * * LOW HITPOINT WARNING * * *
Read which item? (? for menu, Esc to quit)
As you read the scroll labeled AROITAETEU, it crumbles to dust.
You feel as if something is helping you.
It was a scroll of remove curse.
Pikel hits you with a whip of flaming!
* * * LOW HITPOINT WARNING * * *
Pikel burns you.
You die...

#.# #.#.# #.#
#.#^# #.# #.#.#
##.# #.#.#
...###########.#.#
##.#...........#.#
#.#....########.#
#.#..#.# #K#
#.#..#.# #@#
#.#..#.# #.#
#.#..#%# #.#
##.####)# #.#
......).# #^#
######### ###


You could see Pikel.

Vanquished Creatures
  The ghost of rvm the Chopper, an average LOSk (D:3)
  Sigmund (D:4)
  Duvessa (D:4)
  Dowan (D:4)
  Crazy Yiuf (D:3)
  2 orc priests (D:3)
  A hound (D:4)
  2 orc wizards
  5 adders
  A worm (D:2)
  An ooze (D:4)
  10 orcs
  9 bats
  6 giant cockroaches
  5 goblins
  7 hobgoblins
  3 jackals (D:1)
  6 kobolds
  2 quokkas
  2 ball pythons
  4 giant geckos
  2 giant newts (D:3)
  8 rats
  A fungus (D:3)
82 creatures vanquished.

Vanquished Creatures (others)
  A hound (D:4)
  A rat (D:4)
2 creatures vanquished.

Grand Total: 84 creatures vanquished

Notes
Turn   | Place    | Note
--------------------------------------------------------------
     0 | D:1      | Drahman, the Merfolk Gladiator, began the quest for the Orb.
     0 | D:1      | Reached XP level 1. HP: 17/17 MP: 0/0
   120 | D:1      | Reached XP level 2. HP: 23/23 MP: 1/1
   225 | D:1      | Reached skill level 5 in Polearms
   514 | D:2      | Reached XP level 3. HP: 20/29 MP: 2/2
   803 | D:2      | Found an ancient bone altar of Kikubaaqudgha.
   904 | D:2      | Gained mutation: Your spells are a little harder to cast, but a little more powerful. [potion of beneficial mutation]
  1457 | D:3      | Reached XP level 4. HP: 31/35 MP: 3/3
  1642 | D:3      | Reached skill level 6 in Polearms
  2004 | D:3      | Reached XP level 5. HP: 37/41 MP: 4/4
  2318 | D:3      | Reached skill level 7 in Polearms
  2543 | D:3      | Noticed rvm's ghost (average LOSk)
  2584 | D:3      | Killed rvm's ghost
  2584 | D:3      | Reached skill level 5 in Fighting
  2584 | D:3      | Reached XP level 6. HP: 37/48 MP: 5/5
  2791 | D:3      | Noticed Crazy Yiuf
  2838 | D:3      | Killed Crazy Yiuf
  2992 | D:4      | Noticed Pikel
  3036 | D:4      | Noticed Sigmund
  3036 | D:4      | Noticed Duvessa
  3036 | D:4      | Noticed Dowan
  3369 | D:4      | Killed Duvessa
  3369 | D:4      | Reached skill level 8 in Polearms
  3394 | D:4      | Killed Dowan
  3511 | D:4      | Reached XP level 7. HP: 26/54 MP: 6/6
  3803 | D:4      | Killed Sigmund
  4130 | D:3      | HP: 1/55 [Pikel/whip of flaming (9)]
  4130 | D:3      | Slain by Pikel

Action                   |  1- 3 |  4- 6 |  7- 9 || total
-------------------------+-------+-------+-------++-------
Melee: Trident           |   102 |   230 |    65 ||   397
Throw: Spear             |       |     2 |       ||     2
       Throwing net      |       |     1 |       ||     1
Evoke: Wand              |       |    13 |     3 ||    16
  Use: Potion            |     4 |     3 |     4 ||    11
       Scroll            |       |       |     2 ||     2
 Stab: Held in net/web   |       |     2 |       ||     2
       Sleeping          |       |     1 |       ||     1
       Invisible         |       |       |     2 ||     2
